 Dungeon Crawl Stone Soup version 0.17-a0-1582-ge6b0260 (webtiles) character file.

770 Chiseanne the Covered (level 7, 0/55 HPs)
             Began as a Demonspawn Wanderer on July 27, 2015.
             Was an Initiate of Gozag.
             Succumbed to a wasp's poison
             ... on level 6 of the Dungeon.
             The game lasted 00:16:12 (6435 turns).

Chiseanne the Covered (Demonspawn Wanderer)         Turns: 6435, Time: 00:16:12

Health: 0/55       AC: 15    Str: 17    XL:     7   Next: 52%
Magic:  2/9        EV: 12    Int: 13    God:    Gozag
Gold:   197        SH:  0    Dex: 14    Spells: 0 memorised, 6 levels left

rFire  . . .     SeeInvis .     b - +0 mace
rCold  . . .     Clarity  .     s - +3 ring mail
rNeg   . . .     SustAt   .     (no shield)
rPois  .         Gourm    .     c - +0 helmet
rElec  .         Spirit   +     m - +1 cloak
rCorr  .         Warding  .     n - +0 pair of gloves
rMut   .         Stasis   .     k - +0 pair of boots
MR     .....                    (no amulet)
Stlth  +.........               (no ring)
                                u - +4 ring of strength

@: lethally poisoned (0 -> -4), not resistant to hostile enchantments, very
unstealthy
A: hooves 2, magic shield
a: Potion Petition, Call Merchant, Bribe Branch, Renounce Religion


You were on level 6 of the Dungeon.
You worshipped Gozag.
Gozag was noncommittal.
You were very full.

You visited 2 branches of the dungeon, and saw 7 of its levels.

You collected 257 gold pieces.
You paid 60 gold pieces to Gozag.

Inventory:

Hand weapons
 b - a +0 mace (weapon)
 p - a +0 flail
 t - a +3 whip
Missiles
 e - 16 poisoned needles
 f - 27 arrows
 g - 4 tomahawks (quivered)
 i - 32 bolts
Armour
 c - a +0 helmet (worn)
 k - a +0 pair of boots (worn)
 m - a +1 cloak (worn)
 n - a +0 pair of gloves (worn)
 s - a +3 ring mail (worn)
Jewellery
 q - an uncursed ring of sustain attributes {unknown}
 u - a +4 ring of strength (left hand)
Scrolls
 h - 2 scrolls of remove curse
 r - a scroll of blinking
 w - 2 scrolls of magic mapping
 y - a scroll of fear
Potions
 o - a potion of brilliance
 z - 2 potions of degeneration
Miscellaneous
 a - a phial of floods (inert)
Comestibles
 d - 8 bread rations


   Skills:
 + Level 4.8 Fighting
 - Level 1.0 Maces & Flails
 + Level 5.0 Armour
 * Level 2.9 Dodging
 - Level 1.0 Stealth
   Level 2.6 Charms
 * Level 3.5 Evocations


You had 6 spell levels left.
You didn't know any spells.

Dungeon Overview and Level Annotations

Branches:
Dungeon (6/15)             Temple (1/1) D:5

Altars:
Ashenzari
Cheibriados
Dithmenos
Elyvilon
Gozag
Kikubaaqudgha
Okawaru
Qazlal
Ru
Sif Muna
Trog
Vehumet
Xom
Yredelemnul
The Shining One

Shops:
D:5 }


Innate Abilities, Weirdness & Mutations

You have hoof-like feet.
When hurt, damage is shared between your health and your magic reserves.


Message History

The centaur misses you.
Drink which item? (? for menu, Esc to quit)
It was a potion of cancellation.
Your magical effects are unravelling.
You feel magically purged.
You feel a little less agile now.
* * * LOW HITPOINT WARNING * * *
You feel sick. The centaur misses you.
The centaur is distracted by the nearby gold.
The centaur shouts!
You sock the centaur!
The centaur is no longer distracted by gold.
The centaur is heavily wounded.
The centaur hits you!
* * * LOW HITPOINT WARNING * * *
The centaur hits you but does no damage.
You closely miss the centaur.
The centaur is heavily wounded.
You die...
Your body crumbles into a pile of gold.

.............###+###......
..........................
...........#..#.........
##..#...................#
...##...##...........# .###
...##...##..........##.....
.##..##.#.......!..........
.....##....................
##.#...#........@c.........
##...............$.........
##....#............#.......
.#.#..#......#....#.......#
..##.......#...............
.###.......#...............
.. ......................
......................
................


You could see a centaur.

Vanquished Creatures
  The ghost of Chiseanne the Chopper, an average DsWn (D:4)
  An ice beast (D:3)
  A wasp (D:6)
  A centaur (D:5)
  A hound (D:5)
  3 orc priests
  A giant frog skeleton (D:4)
  2 worker ants (D:4)
  A hound skeleton (D:4)
  7 adders
  An ooze (D:2)
  2 worms
  2 giant geckos
  9 orcs
  5 bats
  6 giant cockroaches
  11 goblins
  9 hobgoblins
  A quokka (D:5)
  A giant gecko skeleton (D:4)
  A giant newt (D:1)
  2 jackals (D:2)
  A jackal skeleton (D:4)
  9 kobolds
  8 rats
87 creatures vanquished.

Vanquished Creatures (collateral kills)
  An orc wizard (D:6)
  A worm (D:3)
  3 orcs
5 creatures vanquished.

Grand Total: 92 creatures vanquished

Notes
Turn   | Place    | Note
--------------------------------------------------------------
     0 | D:1      | Chiseanne the Demonspawn Wanderer began the quest for the Orb.
     0 | D:1      | Chiseanne set off with: a phial of floods, a +0 mace, a +0 robe, a bread ration
     0 | D:1      | Reached XP level 1. HP: 15/15 MP: 1/1
   417 | D:1      | Reached skill level 1 in Dodging
   451 | D:1      | Gained mutation: You have large cloven feet. [demonic ancestry]
   451 | D:1      | Reached XP level 2. HP: 19/21 MP: 2/2
  1586 | D:2      | Gained mutation: You have hoof-like feet. [demonic ancestry]
  1586 | D:2      | Reached XP level 3. HP: 25/27 MP: 3/3
  1594 | D:2      | Reached skill level 3 in Armour
  2268 | D:2      | Found a white marble altar of Elyvilon.
  2475 | D:2      | Reached XP level 4. HP: 23/34 MP: 5/5
  2852 | D:3      | Noticed an ice beast
  3268 | D:3      | Killed an ice beast
  3268 | D:3      | Reached XP level 5. HP: 39/41 MP: 4/6
  3512 | D:3      | Reached skill level 4 in Armour
  4134 | D:3      | Found a sacrificial altar of Ru.
  4350 | D:4      | Reached XP level 6. HP: 35/47 MP: 5/7
  4788 | D:4      | Noticed Chiseanne's ghost (average DsWn)
  4918 | D:4      | Killed Chiseanne's ghost
  5666 | D:5      | Entered Level 5 of the Dungeon
  5681 | D:5      | HP: 2/48 [centaur (6)]
  5687 | D:5      | Gained mutation: When hurt, damage is shared between your health and your magic reserves. [demonic ancestry]
  5687 | D:5      | Reached XP level 7. HP: 31/55 MP: 1/9
  5875 | D:5      | Found a staircase to the Ecumenical Temple.
  5915 | D:5      | Found Jiguaff's Gadget Shop.
  5951 | Temple   | Entered the Ecumenical Temple
  6020 | Temple   | Became a worshipper of Gozag Ym Sagoz the Greedy
  6360 | D:6      | Reached skill level 5 in Armour
  6425 | D:6      | Paralysed by a wasp for 1 turns
  6434 | D:6      | HP: 1/55 [centaur (4)]
  6435 | D:6      | Succumbed to a wasp's poison

Vault maps used:
D:1:      dpeg_arrival_three_same_balls, minivault_11, hangedman_feature_mirror
D:2:      elyvilon_altar_3, serial_forest, infiniplex_forest_lined_3,
          infiniplex_forest_lined_corner, infiniplex_forest_join,
          infiniplex_forest_lined_2, infiniplex_forest_zigzag_1
D:3:      first_bread, kennysheep_flooded_box
D:4:      minmay_bad_closet, minmay_cupped
D:5:      minmay_temple_entry_fiery, serial_shops, shop
D:6:      nicolae_tso_swordbearing_angel
Temple:   circular_temple_13

Action                   |  1- 3 |  4- 6 |  7- 9 || total
-------------------------+-------+-------+-------++-------
Melee: Mace              |   168 |   289 |    36 ||   493
Throw: Tomahawk          |       |     4 |       ||     4
Evoke: Phial of floods   |       |     1 |     1 ||     2
  Use: Scroll            |     4 |     7 |     3 ||    14
       Potion            |       |     4 |     3 ||     7
 Stab: Sleeping          |       |       |     1 ||     1
  Eat: Chunk             |     4 |    12 |     1 ||    17
       Fruit             |       |       |     5 ||     5
       Royal jelly       |       |       |     1 ||     1
       Pizza             |       |       |     1 ||     1
